 Dungeon Crawl Stone Soup version 0.22.0-49-gab54619674 (webtiles) character file.

49 JedernureinKreuz the Digger (level 3, -1/31 HPs)
             Began as a Troll Earth Elementalist on Sept 7, 2018.
             Killed by divine providence
             ... invoked by an orc priest
              (14 damage)
             ... on level 2 of the Dungeon.
             The game lasted 00:08:27 (1505 turns).

JedernureinKreuz the Digger (TrEE)                  Turns: 1505, Time: 00:08:28

Health: -1/31      AC:  6    Str: 16    XL:     3   Next: 53%
Magic:  4/4        EV: 10    Int: 12    God:
Gold:   68         SH:  0    Dex: 10    Spells: 4/5 levels left

rFire    . . .     SeeInvis .   e - -3 short sword (curse)
rCold    . . .     Gourm    +   (no shield)
rNeg     . . .     Faith    .   c - +1 robe
rPois    .         Spirit   .   (helmet restricted)
rElec    .         Reflect  .   (no cloak)
rCorr    .         Harm     .   (gloves unavailable)
MR       .....                  (boots unavailable)
Stlth    +.........             (no amulet)
HPRegen  0.50/turn              (no ring)
MPRegen  0.09/turn              (no ring)

@: no status effects
A: large, unfitting armour, claws 3, fast metabolism 3, gourmand, regeneration
1, shaggy fur 1, tough skin 2
a: no special abilities


You were on level 2 of the Dungeon.
You were full.

You visited 1 branch of the dungeon, and saw 2 of its levels.

You collected 68 gold pieces.

Inventory:

Hand Weapons
 e - a cursed -3 short sword (weapon)
 g - a +0 short sword
 l - a cursed -1 dagger
Missiles
 b - 64 stones (quivered)
 f - 2 curare-tipped needles
Armour
 c - a +1 robe (worn)
Potions
 a - 2 potions of lignification
 h - 2 potions of might {unknown}
 i - a potion of heal wounds {unknown}
 k - a potion of haste {unknown}
Comestibles
 d - 4 rations


   Skills:
 + Level 0.2 Fighting
 + Level 0.9 Short Blades
 + Level 1.7 Dodging
 + Level 1.0 Stealth
 + Level 1.6 Spellcasting
   Level 0.6 Transmutations
 + Level 3.3 Earth Magic


You had 4 spell levels left.
You knew the following spells:

 Your Spells              Type           Power        Failure   Level  Hunger
a - Sandblast             Erth           #.....       7%          1    ##.....

Your spell library contained the following spells:

 Spells                   Type           Power        Failure   Level  Hunger
 Passwall                 Tmut/Erth      #.......     19%         2    ###....
 Stone Arrow              Conj/Erth      #.....       38%         3    ####...
 Petrify                  Tmut/Erth      #.......     77%         4    #####..
 Lee's Rapid Deconstruct  Erth           #.........   89%         5    ######.


Dungeon Overview and Level Annotations

Branches:
Dungeon (2/15)

Altars:
Nemelex Xobeh


Innate Abilities, Weirdness & Mutations

You are too large for most types of armour.
You have claws for hands.
Your metabolism is lightning-fast.
You like to eat raw meat.
Your natural rate of healing is unusually fast.
You are covered in fur. (AC +1)
You have very tough skin. (AC +2)


Message History

You open the door.
A rat and an orc priest come into view.
The orc priest shouts!
You hear a shout! x3; You hear an angry hiss.
An orc comes into view.
The orc priest moves out of view.
The orc shouts!
A ball python, 2 orcs and an orc priest come into view.
The orc priest is wielding a mace of holy wrath.
The orc shouts!
The orc priest shouts!
The orc shouts!
There is an open door here.
You hit the rat but do no damage. The rat bites you but does no damage.
The orc priest calls down the wrath of Beogh upon you.
Beogh smites you!
You closely miss the rat. The rat barely misses you.
The orc priest calls down the wrath of Beogh upon you.
Beogh smites you! The rat barely misses you.
The orc priest mumbles some strange prayers to Beogh against you.
Beogh smites you!
You die...

#.....###.# ....... #.....###.#
....... #.....#...# ....o..
#.....#...# ...o... #....)#...#
....... #########.....#...#
.....o. #<.....##.....#...#
......o###########.##.....#....
......oo.o..r.@...........'....
......o###########.########....
....... .........## ####'
##..... ..........# #. #.####
#########.## #. # #..# #. ##.##
#. #..# #. ##.# #.


You could see an orc priest, an orc and a rat.

Vanquished Creatures
  An adder (D:2)
  An ooze (D:1)
  A worm (D:2)
  A dart slug (D:1)
  2 leopard geckos
  4 bats
  5 goblins
  2 hobgoblins
  3 kobolds
  A quokka (D:2)
  4 frilled lizards
  3 rats
28 creatures vanquished.

Notes
Turn   | Place    | Note
-------+----------+-------------------------------------------
     0 | D:1      | JedernureinKreuz the Troll Earth Elementalist began the
                  | quest for the Orb.
     0 | D:1      | Reached XP level 1. HP: 16/16 MP: 1/1
   257 | D:1      | Reached skill level 3 in Earth Magic
   326 | D:1      | Reached XP level 2. HP: 18/24 MP: 0/3
  1246 | D:2      | Reached XP level 3. HP: 31/31 MP: 0/4
  1307 | D:2      | Found a sparkling altar of Nemelex Xobeh.
  1505 | D:2      | Killed from afar by an orc priest

Skill      XL: |  1 |
---------------+----+-----
Earth Magic    | 3 |  3.3
Fighting       | |  0.2
Short Blades   | |  0.9
Dodging        | |  1.7
Stealth        | |  1.0
Spellcasting   | |  1.6
Transmutations | |  0.6

Action                   || total
-------------------------++-------
Melee: Short sword       ||   129
       Unarmed           ||     2
 Cast: Sandblast         ||    26
  Use: Scroll            ||     4
 Stab: Sleeping          ||     1
  Eat: Chunk             ||    13
       Ration            ||     1
Armor: Robe              ||    59
Dodge: Dodged            ||    92
